 Dungeon Crawl Stone Soup version 0.30-a0-779-g7971cf19c3 (webtiles) character file.

Game seed: 13966198992015907033

179 Dittersdorf the Shield-Bearer (level 5, -1/34 HPs)
             Began as a Gargoyle Fighter on Feb 17, 2023.
             Slain by a wraith (2 damage)
             ... in an ossuary.
             The game lasted 00:03:53 (2068 turns).

Dittersdorf the Shield-Bearer (Gargoyle Fighter)    Turns: 2068, Time: 00:03:53

Health: -1/34      AC: 13    Str: 22    XL:     5   Next: 59%
Magic:  5/5        EV:  7    Int:  8    God:
Gold:   832        SH: 10    Dex:  9    Spells: 4/4 levels left

rFire   . . .      SeeInvis .    a - +1 flail (spect)
rCold   + . .      Faith    .    c - +1 buckler
rNeg    + . .      Spirit   .    f - +0 chain mail
rPois   ∞          Reflect  +    (no helmet)
rElec   +          Harm     .    (no cloak)
rCorr   .          Rampage  .    (no gloves)
Will    .....                    (no boots) Stlth
                                 b - amulet of reflection
HPRegen 0.25/turn                g - ring of protection from cold
MPRegen 0.09/turn                (no ring)

@: slowed, studying Shields, very slow
A: sickness immunity, AC +4, negative energy resistance 1, electricity
resistance, torment resistance 1, petrification resistance
a: no special abilities


You were in an ossuary.
You visited 1 branch of the dungeon, and saw 3 of its levels.
You also visited: Ossuary.

You collected 832 gold pieces.

Inventory:

Hand Weapons
 a - a +1 spectral flail (weapon)
Missiles
 k - 3 poisoned darts (quivered)
 n - 3 throwing nets
Armour
 c - a +1 buckler (worn)
 f - a +0 chain mail (worn)
Jewellery
 b - an amulet of reflection (around neck)
 g - a ring of protection from cold (left hand)
Wands
 r - a wand of paralysis (5)
Scrolls
 i - a scroll of enchant armour
 l - 2 scrolls of teleportation
 m - a scroll of noise {unknown}
 q - a scroll of fear
 t - 2 scrolls of identify
 u - a scroll of poison {unknown}
 v - a scroll of immolation {unknown}
Potions
 d - 2 potions of might
 e - a potion of resistance
 h - 3 potions of curing {unknown}
 j - a potion of magic {unknown}
 o - 2 potions of cancellation {unknown}
 p - a potion of heal wounds
 s - a potion of brilliance


   Skills:
 + Level 4.3 Fighting
 + Level 3.3 Maces & Flails
 + Level 4.3 Armour
 + Level 4.4 Shields


You had 4 spell levels left.
You didn't know any spells.
Your spell library was empty.

Dungeon Overview and Level Annotations

Branches:
Dungeon (4/15)            Ossuary (1/1)
 Temple: D:4-7

Altars:


Innate Abilities, Weirdness & Mutations

You are immune to sickness and miasma.
Your stone body is resilient. (AC +4)
You are immune to poison.
You resist negative energy. (rN+)
You are resistant to electric shocks. (rElec)
You are resistant to unholy torment.
You are immune to petrification.


Message History

The wraith hits you. The wraith hits you!
* * * LOW HITPOINT WARNING * * *
The wraith drains your vigour!
You feel as though you will be slow longer.
You are too injured to fight recklessly!
You are too injured to fight recklessly!
You are too injured to fight recklessly!
You are too injured to fight recklessly!
You are too injured to fight recklessly!
You are too injured to fight recklessly!
You are too injured to fight recklessly!
You are too injured to fight recklessly!
You are too injured to fight recklessly!
You are too injured to fight recklessly!
You are too injured to fight recklessly!
You are too injured to fight recklessly!
You are too injured to fight recklessly!
You are too injured to fight recklessly!
You are too injured to fight recklessly!
You hit the wraith.
The wraith is moderately damaged.
The wraith hits you.
* * * LOW HITPOINT WARNING * * *
The wraith drains your vigour!
You feel as though you will be slow longer.
The wraith hits you but does no damage.
You completely miss the wraith.
The wraith is moderately damaged.
The wraith hits you but does no damage. The wraith hits you.
* * * LOW HITPOINT WARNING * * *
The wraith drains your vigour!
You feel as though you will be slow longer.
You closely miss the wraith.
The wraith is moderately damaged.
You block the wraith's attack. The wraith hits you.
* * * LOW HITPOINT WARNING * * *
You hit the wraith but do no damage.
The wraith is moderately damaged.
You block the wraith's attack. The wraith hits you.
You die...

#######################
#......................
#......................
..####..###..###..###.
#. #?W@..#.#..# #..# #.
#..####..#'#..#+#..#+#.
#........#.#..#.#..#.#.
#......................
#..####.......###......
#..#.'....8...#.#...8..
#..####.......#'#......
#.............#.#......
#......................


You could see a wraith.

Vanquished Creatures
  A human zombie (Ossuary)
  An orc wizard (D:4)
  3 mummies (Ossuary)
  3 adders (D:2)
  A worm (D:2)
  A dart slug (D:1)
  2 orcs (D:4)
  5 endoplasms
  5 giant cockroaches
  6 hobgoblins
  3 ball pythons
  9 bats
  A frilled lizard (D:1)
  4 goblins
  A goblin zombie (Ossuary)
  3 hobgoblin zombies (Ossuary)
  6 kobolds (D:1)
  3 kobold zombies (Ossuary)
  3 rats
61 creatures vanquished.

Notes
Turn   | Place    | Note
-------+----------+-------------------------------------------
     0 | D:1      | Dittersdorf the Gargoyle Fighter began the quest for the
                  | Orb.
     0 | D:1      | Reached XP level 1. HP: 14/14 MP: 1/1
   148 | D:1      | Reached XP level 2. HP: 6/19 MP: 2/2
   553 | D:1      | Reached XP level 3. HP: 23/23 MP: 3/3
  1180 | D:2      | Reached XP level 4. HP: 29/29 MP: 4/4
  1454 | D:2      | You fall into a shaft and drop 2 floors!
  1455 | D:4      | yay!
  1458 | D:4      | Identified a scroll of acquirement
  1458 | D:4      | Acquired 669 gold pieces
  1673 | D:4      | Found a sand-covered staircase.
  1678 | Ossuary  | Entered an ossuary
  1678 | Ossuary  | Noticed a wraith
  1678 | Ossuary  | Noticed a wraith
  1678 | Ossuary  | Noticed a wraith
  1709 | Ossuary  | Reached XP level 5. HP: 25/33 MP: 5/5
  1826 | Ossuary  | Acquired a manual of Shields
  2058 | Ossuary  | Noticed a wraith
  2067 | Ossuary  | HP: 1/34 [wraith (5)]
  2068 | Ossuary  | Slain by a wraith

Illustrated notes

........
##......#
#..../..#
#.......#
###.......
#........
........#
.......@#
..........#
.........##
........##
........#
[......##
.......
.......


Turn 1455 on D:4: yay!

Levels and vault maps discovered:
D:1:      minmay_arrival_diagonal_passages, layout_basic, wad_floor_pattern_2
D:2:      layout_basic
D:4:      layout_rooms, nicolae_ossuary_entry_false_entrances
Ossuary:  ossuary_kennysheep_city_of_the_dead

Skill      XL: |  1  2  3  4 |
---------------+-------------+-----
Shields        | 4 |  4.4
Armour         | 4 |  4.3
Fighting       | 4 |  4.3
Maces & Flails | 3 |  3.3

Action                     |  1- 3 |  4- 6 || total
---------------------------+-------+-------++-------
  Melee: Flail             |   165 |    77 ||   242
    Use: Scroll            |       |    12 ||    12
 Armour: Scale mail        |    38 |       ||    38
         Chain mail        |   118 |    33 ||   151
  Dodge: Dodged            |    96 |    12 ||   108
  Block: Buckler           |    39 |    24 ||    63

Table legend: (Time is in decaauts)
 A = Elapsed time spent in this place.
 B = Non-inter-level travel time spent in this place.
 C = Inter-level travel time spent in this place.
 D = Time resting spent in this place.
 E = Time spent auto-exploring this place.
 F = Levels seen in this place.
 G = Mean time per level.
                   A        B        C        D        E       F      G
               +--------+--------+--------+--------+--------+-----+--------+
         Total |   2147 |   2104 |     43 |    144 |   1196 |   4 |  536.8 |
       Dungeon |   1742 |   1699 |     43 |    106 |    916 |   3 |  580.7 |
       Ossuary |    405 |    405 |      0 |     38 |    280 |   1 |  405.0 |
               +--------+--------+--------+--------+--------+-----+--------+

Top non-repeatable levels by time:
     D:1: 880 daAuts
     D:2: 634 daAuts
 Ossuary: 405 daAuts
     D:4: 227 daAuts
